cohdb
Replays
Latest Replays
All Replays
Popular Replays
Top Player Replays
Match Explorer
How It Works
Community
CoH3 Stats
Reddit
Sign in to upload your games and track your stats! →
Sign in with Steam
Match 41980898
Unlisted
Match 41980898
Overview
Messages
Build Orders
End
Vickers Machine Gun Team
Construct Section Command Post
Selects Canadian Shock Battlegroup
Infantry Section
Infantry Section
Infantry Section
Construct Platoon Command Post
Selects Attacking Spirit
Selects Canadian Shock Section
Canadian Shock Section
Selects Incendiary Munitions
Humber Armored Car
Canadian Shock Section
Selects Pyrotechnics
Grenade Package
Infantry Section
Construct Field Infirmary
Infantry Training
Infantry Section
Canadian Shock Section
Construct Company Command Post
Infantry Section
Selects Churchill Crocodile Heavy Tank
Selects Smoke Operation
Crusader II Medium Tank
BIGFAN
(502) Bad Gateway
0
0
Comments
sign in to comment!
No comments posted yet!